 Dungeon Crawl Stone Soup version 0.21-a0-578-gc6e9d75 (webtiles) character file.

265 slep the Chopper (level 5, -1/40 HPs)
             Began as a Demonspawn Gladiator on Dec 19, 2017.
             Was an Initiate of Okawaru.
             Slain by a shadow imp (4 damage)
             ... on level 5 of the Dungeon.
             The game lasted 00:09:32 (2835 turns).

slep the Chopper (Demonspawn Gladiator)             Turns: 2835, Time: 00:09:33

Health: -1/40      AC:  6    Str: 19    XL:     5   Next: 99%
Magic:  5/5        EV: 13    Int: 15    God:    Okawaru [......]
Gold:   158        SH:  0    Dex: 15    Spells: 4/4 levels left

rFire    . . .     SeeInvis .   a - +0 war axe
rCold    . . .     Gourm    .   (no shield)
rNeg     . . .     Faith    .   b - +0 leather armour
rPois    .         Spirit   .   c - +0 helmet
rElec    .         Reflect  .   (no cloak)
rCorr    .         Harm     .   q - +1 pair of gloves
MR       .....                  (no boots)
Stlth    +.........             (no amulet)
HPRegen  0.13/turn              e - +5 ring of intelligence
MPRegen  0.09/turn              (no ring)

@: mighty
A: talons 1, powered by pain 1
a: Renounce Religion


You were on level 5 of the Dungeon.
You worshipped Okawaru.
Okawaru was noncommittal.
You were very hungry.

You visited 1 branch of the dungeon, and saw 5 of its levels.

You collected 158 gold pieces.

Inventory:

Hand Weapons
 a - a +0 war axe (weapon)
 n - a +1 hunting sling of flaming
Missiles
 d - 4 throwing nets (quivered)
 l - 34 poisoned needles
 p - 31 sling bullets
Armour
 b - a +0 leather armour (worn)
 c - a +0 helmet (worn)
 h - a +0 pair of gloves
 q - a +1 pair of gloves (worn)
Jewellery
 e - a +5 ring of intelligence (left hand)
Scrolls
 g - 4 scrolls of amnesia {unknown}
 i - 3 scrolls of magic mapping {unknown}
 j - a scroll of blinking {unknown}
 k - a scroll of random uselessness {unknown}
 m - 4 scrolls of teleportation {unknown}
 r - a scroll of remove curse {unknown}
Comestibles
 f - 8 rations


   Skills:
 + Level 2.8 Fighting
 + Level 4.7 Axes
 + Level 1.8 Throwing
 + Level 1.9 Armour
 + Level 3.4 Dodging
 + Level 0.9 Stealth


You had 4 spell levels left.
You didn't know any spells.

Dungeon Overview and Level Annotations

Branches:
Dungeon (5/15)
 Temple: D:4-7

Altars:
Fedhas
Okawaru
Qazlal
Yredelemnul

Annotations:
D:4 Exaltedone87's ghost, amateur DsFi


Innate Abilities, Weirdness & Mutations

You have sharp toenails.
You sometimes gain a little power by taking damage.


Message History

You hit the shadow imp but do no damage.
The crimson imp closely misses you. The gnoll hits you.
The shadow imp hits you.
The gnoll moves out of view.
The crimson imp hits you.
* * * LOW HITPOINT WARNING * * *
The gnoll hits you!
* * * LOW HITPOINT WARNING * * *
The crimson imp blinks!
It was a potion of might.
You feel very mighty all of a sudden. The shadow imp misses you.
The crimson imp closely misses you. The gnoll completely misses you.
You closely miss the shadow imp. Your kick misses the shadow imp.
You slash the crimson imp!
You kill the crimson imp!
Okawaru accepts your kill.
You slash the gnoll!
You kill the gnoll!
Okawaru accepts your kill. The shadow imp hits you.
You die...

# #.. .#..... ##.####.#
...... #.......#######
#.... #......<....... ....
........###########.. #
#................ ..###.#
.......##..########g....##.
.#...###.........5g........
#.#............@.#......#g
#.####...(.......#####..# #
#............# ##
..............#
...#....###...## .....####
##...# ..### #.... ##..


You could see 2 gnolls and a shadow imp.

Vanquished Creatures
  A crimson imp (D:5)
  An iguana (D:3)
  Jessica (D:3)
  Terence (D:3)
  A worker ant (D:2)
  2 gnolls (D:5)
  6 adders
  An ooze (D:2)
  2 worms
  2 dart slugs
  An orc (D:3)
  A giant cockroach (D:3)
  4 goblins
  2 hobgoblins
  6 jackals
  2 quokkas
  6 bats
  5 frilled lizards
  5 kobolds
  A quokka zombie (D:5)
  3 rats
54 creatures vanquished.

Notes
Turn   | Place    | Note
-------+----------+-------------------------------------------
     0 | D:1      | slep the Demonspawn Gladiator began the quest for the Orb.
     0 | D:1      | Reached XP level 1. HP: 16/16 MP: 1/1
   143 | D:1      | Gained mutation: You sometimes gain a little power by taking damage. [demonic ancestry]
   143 | D:1      | Reached XP level 2. HP: 12/22 MP: 2/2
   324 | D:1      | Reached skill level 3 in Axes
   576 | D:2      | Reached XP level 3. HP: 8/27 MP: 3/3
   600 | D:2      | HP: 1/27 [poisoned by an adder]
   932 | D:2      | Found a basalt altar of Yredelemnul.
   986 | D:2      | HP: 1/42 [poisoned by a worker ant]
  1347 | D:2      | Gained mutation: You have sharp toenails. [demonic ancestry]
  1347 | D:2      | Reached XP level 4. HP: 34/34 MP: 4/4
  1655 | D:2      | Found a stormy altar of Qazlal.
  1664 | D:2      | Found an iron altar of Okawaru.
  1671 | D:2      | Became a worshipper of Warmaster Okawaru
  1802 | D:3      | Reached skill level 1 in Armour
  1882 | D:3      | Noticed Terence
  1975 | D:3      | Killed Terence
  1975 | D:3      | Reached skill level 4 in Axes
  2018 | D:3      | Reached XP level 5. HP: 12/39 MP: 5/5
  2459 | D:3      | Noticed Jessica
  2467 | D:3      | Killed Jessica
  2746 | D:4      | Found a blossoming altar of Fedhas.
  2768 | D:4      | Noticed Exaltedone87's ghost (amateur DsFi)
  2798 | D:5      | Entered Level 5 of the Dungeon
  2835 | D:5      | Slain by a shadow imp

Vault maps used:
D:1:      dpeg_arrival_tiny_a, kennysheep_crisscross
D:2:      old_standard_altar, amethyst_overflow_temple_binary, minmay_tripent
D:3:      grunt_ministairs_9, uniq_terence, uniq_jessica
D:4:      elyvilon_altar_1, fedhas_altar_2, first_ration, uniq_pikel
D:5:      lemuel_coloured_pillars_altar

Skill      XL: |  1  2  3  4 |
---------------+-------------+-----
Axes           | 3 4 |  4.7
Dodging        | 3 |  3.4
Armour         | 1 |  1.9
Fighting       | |  2.8
Throwing       | |  1.8
Stealth        | |  0.9

Action                   |  1- 3 |  4- 6 || total
-------------------------+-------+-------++-------
Melee: War axe           |    65 |    89 ||   154
       Kick              |       |    27 ||    27
  Use: Potion            |     2 |     4 ||     6
 Stab: Sleeping          |     2 |     1 ||     3
  Eat: Chunk             |     1 |     4 ||     5
Armor: Leather armour    |    15 |    26 ||    41
Dodge: Dodged            |    60 |    68 ||   128

Table legend:
 A = Spawn XP
 B = Non-spawn XP
 C = Spawn XP percentage of total XP
 D = Spawn monster count
 E = Non-spawn monster count
 F = Spawn count percentage of total count
 G = Total turns spent on level
                    A         B        C        D         E        F      G
               +---------+---------+-------+---------+---------+-------+---------
         Total |       0 |     379 |   0.0 |       0 |      54 |   0.0 |  2835
               +---------+---------+-------+---------+---------+-------+---------
           D:1 |       0 |      23 |   0.0 |       0 |      15 |   0.0 |   561
           D:2 |       0 |      96 |   0.0 |       0 |      12 |   0.0 |  1193
           D:3 |       0 |     179 |   0.0 |       0 |      22 |   0.0 |   954
           D:4 |       0 |       5 |   0.0 |       0 |       1 |   0.0 |    90
           D:5 |       0 |      76 |   0.0 |       0 |       4 |   0.0 |    37
               +---------+---------+-------+---------+---------+-------+---------
